 Dungeon Crawl Stone Soup version 0.21-a0-193-g085b6a0 (webtiles) character file.

23817 Goblin1989 the Grappler (level 12, -3/104 HPs)
             Began as a Centaur Transmuter on Aug 11, 2017.
             Was a High Priest of Okawaru.
             Slain by a phantasmal warrior (26 damage)
             ... led by a death knight
             ... on level 13 of the Dungeon on Aug 14, 2017.
             The game lasted 01:04:22 (24126 turns).

Goblin1989 the Grappler (Centaur Transmuter)       Turns: 24126, Time: 01:04:23

Health: -3/104     AC: 12    Str: 18    XL:     12   Next: 75%
Magic:  13/13      EV: 13    Int: 10    God:    Okawaru [*****.]
Gold:   402        SH:  5    Dex: 10    Spells: 0/14 levels left

rFire    + . .     SeeInvis .     - Unarmed
rCold    + . .     Gourm    .   (no shield)
rNeg     . . .     Faith    .   K - +4 steam dragon scales
rPois    +         Spirit   .   v - +1 helmet
rElec    .         Reflect  +   O - scarf {rC+ rF+}
rCorr    .         Harm     .   (no gloves)
MR       .....                  (no barding)
Stlth    +.........             t - +5 amulet of reflection
HPRegen  0.27/turn              m - ring of protection from magic
MPRegen  0.13/turn              o - ring of poison resistance

@: vulnerable, slowed
A: fangs 1, hooves 3, deformed body, dopey 1, speed 2, low mp 1, screaming 1,
tough skin 3
a: Heroism, Finesse, Renounce Religion


You were on level 13 of the Dungeon.
You worshipped Okawaru.
Okawaru was extremely pleased with you.
You were not hungry.

You visited 3 branches of the dungeon, and saw 15 of its levels.

You collected 896 gold pieces.
You spent 494 gold pieces at shops.

Inventory:

Hand Weapons
 a - a +0 shortbow
 w - a +0 blowgun {@w1}
 G - the +4 spear "Qetaguryv" {pierce, rPois}
   (You found it on level 10 of the Dungeon)

   It inflicts extra damage upon your enemies.
   It protects you from poison.
 N - a +2 dagger of venom
Missiles
 u - 357 arrows
 Z - 3 throwing nets (quivered) {!d}
Armour
 v - a +1 helmet (worn)
 K - +4 steam dragon scales (worn)
 O - a scarf of resistance (worn)
Jewellery
 c - an uncursed ring of protection from cold
 m - a ring of protection from magic (left hand)
 o - a ring of poison resistance (right hand)
 t - a +5 amulet of reflection (around neck)
 x - a +2 ring of protection
Wands
 L - a wand of lightning (1/15)
Scrolls
 i - 3 scrolls of fear
 s - 2 scrolls of brand weapon {unknown}
 z - 3 scrolls of recharging
 B - 5 scrolls of blinking
 D - a scroll of holy word
 F - 2 scrolls of enchant weapon
 H - 6 scrolls of remove curse {@r2}
 Q - a scroll of silence
 T - 4 scrolls of teleportation {!r, @r3}
 U - 3 scrolls of amnesia
 V - 3 scrolls of fog
 X - a scroll of immolation
 Y - a scroll of magic mapping {unknown}
Potions
 g - a potion of heal wounds {@q2, !q}
 C - 4 potions of curing {@q1}
 E - a potion of cancellation
 I - 6 potions of lignification
 J - a potion of magic
 M - 2 potions of agility
 S - a potion of haste
 W - 2 potions of berserk rage
Books
 P - a book of Clouds

   Spells                             Type                      Level
   a - Poisonous Vapours              Poison/Air                   2
   b - Mephitic Cloud                 Conjuration/Poison/Air       3
   c - Conjure Flame                  Conjuration/Fire             3
   d - Freezing Cloud                 Conjuration/Ice/Air          6
   e - Ring of Flames                 Charms/Fire                  7
 R - a book of Necromancy

   Spells                             Type                      Level
   a - Pain                           Necromancy                   1
   b - Animate Skeleton               Necromancy                   1
   c - Vampiric Draining              Necromancy                   3
   d - Regeneration                   Charms/Necromancy            3
   e - Animate Dead                   Necromancy                   4
   f - Control Undead                 Necromancy                   4
Miscellaneous
 y - a fan of gales
Comestibles
 e - 10 bread rations {@e1}
 h - 10 meat rations {@e2}
 k - 13 fruits


   Skills:
 + Level 9.0 Fighting
 * Level 12.5 Bows
 - Level 4.9 Armour
 + Level 7.4 Dodging
   Level 0.0 Shields
 * Level 12.5 Unarmed Combat
 - Level 1.5 Spellcasting
 - Level 1.7 Transmutations
 + Level 3.7 Invocations


You couldn't memorise any spells.
You knew the following spells:

 Your Spells              Type           Power        Failure   Level  Hunger
a - Beastly Appendage     Tmut           #.....       16%         1    ##.....
b - Blade Hands           Tmut           #.........   99%         5    ######.
c - Animate Skeleton      Necr           N/A          32%         1    ##.....
l - Summon Lightning Spi  Summ/Air       #.......     97%         4    #####..
R - Regeneration          Chrm/Necr      #.........   69%         3    ####...


Dungeon Overview and Level Annotations

Branches:
Dungeon (13/15)            Temple (1/1) D:7            Lair (1/6) D:9
    Orc (0/2) D:9
 Vaults: D:13-14

Altars:
Ashenzari
Cheibriados
Dithmenos
Elyvilon
Fedhas
Gozag
Hepliaklqana
Kikubaaqudgha
Makhleb
Nemelex Xobeh
Okawaru
Qazlal
Ru
Sif Muna
Uskayaw
Vehumet
Wu Jian
Xom
Yredelemnul
Zin
The Shining One

Shops:
D:4 =   D:12 [

Annotations:
D:3 Grinder
D:7 exclusion: oklob plant


Innate Abilities, Weirdness & Mutations

You have hooves in place of feet.
Armour fits poorly on your strangely shaped body.
You cover ground very quickly.
You have extremely tough skin. (AC +3)
You have very sharp teeth.
You are dopey. (Int -2)
Your magical capacity is low. (-10% MP)
You occasionally shout uncontrollably at your foes.


Message History

a runed long sword {god gift}; a leather armour; a dagger; a robe; a buckler
Things that are here:
a mace; a giant club; an uncursed shortbow Key pressed, stopping explore.
The phantasmal warrior is too close now for your liking.
A phantasmal warrior is nearby!
A phantasmal warrior is nearby!
You see here an arrow.
You see here an arrow.
The death knight shouts!
The death knight offers itself to Yredelemnul, and fills with unholy energy.
You see here an arrow.
You closely miss the phantasmal warrior.
Your kick misses the phantasmal warrior.
You closely miss the phantasmal warrior.
The hound barks!
The phantasmal warrior hits you.
Your magical defenses are stripped away!
You take 1 damage, and have 103/104 hp.
You closely miss the phantasmal warrior.
Your kick misses the phantasmal warrior.
Your bite misses the phantasmal warrior.
The phantasmal warrior completely misses you.
You hit the phantasmal warrior but do no damage.
Your kick misses the phantasmal warrior.
The phantasmal warrior hits you!!
You punch the phantasmal warrior!
The phantasmal warrior is moderately damaged.
You barely miss the phantasmal warrior.
Your kick misses the phantasmal warrior.
You bite the phantasmal warrior, but do no damage.
The phantasmal warrior is moderately damaged.
The phantasmal warrior misses you. The wraith misses you.
The death knight hits you from afar with a halberd of venom!!
You take 47 damage, and have 56/104 hp.
MASSIVE DAMAGE!!
You see here an arrow.
The phantasmal warrior blinks!
You see here an arrow.
The death knight's dark mirror aura disappears.
Things that are here:
a mace; a giant club; an uncursed shortbow
Items here: )) [[[ a runed long sword {god gift}; a leather armour; a dagger; a robe; a buckler You see here a tomahawk.
The hound misses you.
You see here a tomahawk.
You see here a tomahawk.
You are too injured to fight recklessly!
You are too injured to fight recklessly!
You are too injured to fight recklessly!
You are too injured to fight recklessly!
You are too injured to fight recklessly!
You are too injured to fight recklessly!
You are too injured to fight recklessly!
You are too injured to fight recklessly!
You are too injured to fight recklessly!
You are too injured to fight recklessly!
You are too injured to fight recklessly!
You are too injured to fight recklessly!
You are too injured to fight recklessly!
You barely miss the hound. Your kick misses the hound.
The hound barely misses you.
You punch the hound! You kick the hound.
You kill the hound!
Okawaru accepts your kill.
You see here a tomahawk.
You see here a tomahawk.
You hit the wraith but do no damage. You kick the wraith.
The wraith is lightly damaged.
The wraith hits you! The wraith drains your vigour!
You feel yourself slow down.
You take 9 damage, and have 51/104 hp.
You punch the wraith!
The wraith is heavily damaged.
The phantasmal warrior blinks!
You block the wraith's attack.
You hit the wraith but do no damage. You kick the wraith.
The wraith is heavily damaged.
The wraith misses you.
You pummel the wraith!!
You destroy the wraith!
Okawaru accepts your kill.
The phantasmal warrior closely misses you.
You punch the phantasmal warrior!
You bite the phantasmal warrior, but do no damage.
The phantasmal warrior is heavily damaged.
The phantasmal warrior hits you!!
* * * LOW HITPOINT WARNING * * *
You take 29 damage, and have 23/104 hp.
MASSIVE DAMAGE!!
You barely miss the phantasmal warrior.
Your kick misses the phantasmal warrior.
You bite the phantasmal warrior, but do no damage.
The phantasmal warrior is heavily damaged.
The phantasmal warrior hits you.
* * * LOW HITPOINT WARNING * * *
You completely miss the phantasmal warrior.
Your kick misses the phantasmal warrior.
Your punch misses the phantasmal warrior.
The phantasmal warrior is heavily damaged.
The death knight misses you. The phantasmal warrior hits you!!
You die...

.....█ █........█.██ .....█
██.█...█..██.██████████
.....███.......█.............█
)....██..█..........████████[█
)..█....███........██ █.█
.(█..██..█.....█)).█ █.█
..(((Wp(Wp.....█p███ █)█
.....███████████W█ █.█ ..../█
█@█ █.█ .█...█ █(█ █.█ .█.███
█(█ ███.█ ..██ █(█ █...█ .██
██████████.█ █.███ ██
...........█ █.█ ██████.████
█.█ █.█ █.█ █)█ █.█


You could see a death knight and a phantasmal warrior.

Vanquished Creatures
  3 centaur warriors (D:13)
  4 two-headed ogres
  The ghost of MackTheKnife the Cleaver, a novice FoFi of Gozag (D:8)
  The ghost of Ijustatesigmund the Cruncher, a novice FoFi (D:13)
  3 unseen horrors
  The ghost of MackTheKnife the Slicer, a novice VSFi of Gozag (D:7)
  A deep elf mage (D:13)
  An ugly thing (D:11)
  A cyclops (D:11)
  2 centaur skeletons
  A gargoyle (D:12)
  A merfolk (D:10)
  4 trolls
  A hornet (D:13)
  4 slime creatures
  2 hippogriffs
  Sigmund (D:3)
  3 wyverns
  12 yaks
  3 wraiths (D:13)
  A hungry ghost (D:11)
  Grum (Lair:1)
  3 steam dragons
  Menkaure (D:7)
  2 water moccasins
  2 hell hounds (D:9)
  10 orc warriors
  3 sky beasts
  3 ice beasts
  2 eyes of draining
  A necrophage (D:9)
  5 phantoms
  A black bear (D:12)
  3 ogres
  4 wolves (Lair:1)
  8 centaurs
  A crocodile (D:7)
  4 big kobolds
  Blork the orc (D:5)
  9 bullfrogs
  2 wyvern zombies
  A wyvern skeleton (D:7)
  5 scorpions
  8 killer bees
  18 wights
  3 howler monkeys (D:7)
  3 crimson imps
  3 bullfrog zombies (D:12)
  5 orc priests
  14 hounds
  18 orc wizards
  2 iguanas (D:7)
  2 bullfrog skeletons
  7 worker ants
  A hound zombie (D:6)
  2 worker ant zombies (D:8)
  Robin (D:4)
  10 gnolls
  18 adders
  4 shadow imps
  An ooze (D:1)
  An adder zombie (D:8)
  2 adder skeletons
  3 worms
  A dart slug (D:2)
  6 leopard geckos
  71 orcs
  6 giant cockroaches
  13 goblins
  8 hobgoblins
  19 jackals
  4 quokkas
  3 ball pythons
  6 bats
  6 frilled lizards
  A giant cockroach zombie (D:5)
  A jackal skeleton (D:6)
  A jackal zombie (D:7)
  22 kobolds
  3 quokka skeletons
  6 rats
426 creatures vanquished.

Vanquished Creatures (others)
  2 gnolls (D:9)
  A leopard gecko (D:2)
  A goblin (D:2)
  A kobold (D:11)
5 creatures vanquished.

Grand Total: 431 creatures vanquished

Notes
Turn   | Place    | Note
-------+----------+-------------------------------------------
     0 | D:1      | Goblin1989 the Centaur Transmuter began the quest for the Orb.
     0 | D:1      | Reached XP level 1. HP: 16/16 MP: 3/3
   622 | D:1      | Upgraded the game from 0.21-a0-184-g9126a74 to 0.21-a0-193-g085b6a0
   664 | D:1      | Reached XP level 2. HP: 19/23 MP: 4/4
  1450 | D:1      | Reached XP level 3. HP: 22/28 MP: 5/5
  1626 | D:2      | Found a sacrificial altar of Ru.
  2065 | D:2      | Found a hazy altar of Hepliaklqana.
  2559 | D:2      | Reached XP level 4. HP: 19/35 MP: 4/6
  2581 | D:2      | Reached skill level 1 in Armour
  3108 | D:3      | Reached XP level 5. HP: 24/41 MP: 7/7
  3126 | D:3      | Noticed Sigmund
  3265 | D:3      | Killed Sigmund
  3265 | D:3      | Reached skill level 5 in Unarmed Combat
  3265 | D:3      | Reached XP level 6. HP: 50/50 MP: 8/8
  3416 | D:3      | Noticed Grinder
  3548 | D:4      | Found a shimmering altar of Xom.
  3548 | D:4      | Found a basalt altar of Yredelemnul.
  3617 | D:4      | Found Arol's Jewellery Boutique.
  3875 | D:4      | Noticed Robin
  4153 | D:4      | Found a sparkling altar of Nemelex Xobeh.
  4308 | D:4      | Reached XP level 7. HP: 53/57 MP: 9/9
  4998 | D:5      | Entered Level 5 of the Dungeon
  5448 | D:5      | Learned a level 5 spell: Blade Hands
  5674 | D:5      | Reached XP level 8. HP: 47/66 MP: 10/10
  6368 | D:5      | Noticed Blork the orc
  6612 | D:5      | Killed Blork the orc
  7775 | D:7      | Gained mutation: Your magical capacity is low. (-10% MP) [mutagenic meat]
  7776 | D:7      | Gained mutation: You have very sharp teeth. [mutagenic meat]
  7777 | D:7      | Gained mutation: You occasionally shout uncontrollably at your foes. [mutagenic meat]
  7778 | D:7      | Gained mutation: You are dopey. (Int -2) [mutagenic meat]
  8264 | D:7      | Reached XP level 9. HP: 71/73 MP: 10/10
  8288 | D:7      | Reached skill level 5 in Fighting
  8474 | D:7      | Found a staircase to the Ecumenical Temple.
  8891 | D:7      | Noticed MackTheKnife's ghost (novice VSFi)
  8922 | D:7      | Found a burning altar of Makhleb.
  8924 | D:7      | Found an opulent altar of Gozag.
  8957 | D:7      | Killed MackTheKnife's ghost
  9281 | Temple   | Entered the Ecumenical Temple
  9329 | Temple   | Became a worshipper of Warmaster Okawaru
  9472 | D:7      | Noticed Menkaure
  9513 | D:7      | Learned a level 4 spell: Summon Lightning Spire
  9567 | D:7      | Killed Menkaure
  9567 | D:7      | Reached skill level 1 in Bows
  9989 | D:7      | Reached skill level 5 in Dodging
 10029 | D:7      | Found a deep blue altar of Sif Muna.
 10029 | D:7      | Noticed an oklob plant
 11190 | D:8      | Reached * piety under Okawaru
 11190 | D:8      | Reached XP level 10. HP: 32/83 MP: 11/11
 12177 | D:8      | Noticed MackTheKnife's ghost (novice FoFi)
 12202 | D:8      | HP: 1/84 [MackTheKnife's ghost (7)]
 12227 | D:8      | Killed MackTheKnife's ghost
 12227 | D:8      | Reached skill level 5 in Bows
 12579 | D:8      | Found a glowing silver altar of Zin.
 12579 | D:8      | Found a shadowy altar of Dithmenos.
 12706 | D:9      | Found a staircase to the Lair.
 13154 | D:9      | Found a staircase to the Orcish Mines.
 13571 | D:9      | Reached ** piety under Okawaru
 13571 | D:9      | Reached skill level 10 in Unarmed Combat
 14005 | D:9      | Noticed a two-headed ogre
 14012 | D:9      | Killed a two-headed ogre
 14012 | D:9      | Reached *** piety under Okawaru
 14445 | D:10     | Entered Level 10 of the Dungeon
 14471 | D:9      | HP: 2/86 [wight/hand axe of electrocution (16)]
 14478 | D:9      | HP: 1/86 [poisoned by a killer bee]
 14483 | D:9      | HP: 1/86 [poisoned by a killer bee]
 14488 | D:9      | HP: 1/86 [poisoned by a killer bee]
 14494 | D:9      | HP: 1/86 [poisoned by a killer bee]
 14500 | D:9      | HP: 1/86 [poisoned by a killer bee]
 14976 | D:10     | Killed an unseen horror
 14976 | D:10     | Reached XP level 11. HP: 44/92 MP: 12/12
 15573 | D:10     | Received a gift from Okawaru
 15728 | D:9      | HP: 4/92 [wight/hand axe of electrocution (18)]
 16446 | D:10     | Reached **** piety under Okawaru
 17048 | D:10     | Got an ichor-stained spear
 17049 | D:10     | Identified the +4 spear "Qetaguryv" {pierce, rPois} (You found it on level 10 of the Dungeon)
 17960 | D:10     | Noticed a two-headed ogre
 17966 | D:10     | Killed a two-headed ogre
 18075 | Lair:1   | Entered Level 1 of the Lair of Beasts
 18119 | Lair:1   | Noticed Grum
 18143 | Lair:1   | Killed Grum
 18478 | D:11     | Received a gift from Okawaru
 18599 | D:11     | Reached skill level 10 in Bows
 18921 | D:4      | Killed Robin
 19013 | D:4      | Bought a +5 amulet of reflection for 494 gold pieces
 19205 | D:11     | Received a gift from Okawaru
 19243 | D:11     | Noticed a white ugly thing
 19578 | D:11     | Killed a white ugly thing
 20871 | D:12     | Reached ***** piety under Okawaru
 20926 | D:11     | Reached XP level 12. HP: 51/102 MP: 12/12
 21120 | D:12     | Reached skill level 1 in Invocations
 21379 | D:12     | Noticed a two-headed ogre
 21388 | D:12     | Killed a two-headed ogre
 21388 | D:12     | Received a gift from Okawaru
 21579 | D:12     | Found Yvew's Armour Emporium.
 21988 | D:12     | Learned a level 3 spell: Regeneration
 21990 | D:12     | Learned a level 1 spell: Animate Skeleton
 22409 | D:13     | Noticed a centaur warrior
 22416 | D:13     | Received a gift from Okawaru
 22422 | D:13     | Paralysed by a hornet for 3 turns
 22436 | D:13     | Killed a centaur warrior
 22462 | D:12     | Received a gift from Okawaru
 22846 | D:13     | Noticed a centaur warrior
 22856 | D:13     | Killed a centaur warrior
 23020 | D:13     | Noticed a centaur warrior
 23033 | D:13     | Killed a centaur warrior
 23033 | D:13     | Received a gift from Okawaru
 23139 | D:13     | Noticed Ijustatesigmund's ghost (novice FoFi)
 23157 | D:13     | Killed Ijustatesigmund's ghost
 23310 | D:13     | Noticed a death knight
 23562 | D:13     | Noticed a two-headed ogre
 23571 | D:13     | Killed a two-headed ogre
 24126 | D:13     | Slain by a phantasmal warrior

Vault maps used:
D:1:      dpeg_arrival_brainrot, serial_glass, glass_columns_a, glass_columns_c,
          due_unseen_surprise, minmay_strange_pillars
D:2:      lemuel_crystal_altar, nicolae_overflow_crystal_walls,
          lemuel_flame_loot_1
D:3:      uniq_crazy_yiuf_cottage, uniq_sigmund, uniq_grinder
D:4:      grunt_temple_overflow_open, serial_shops, shop_coins, first_bread,
          minivault_14, uniq_robin
D:5:      uniq_blork_the_orc
D:7:      minitemple, temple_pool_b, minmay_liquid_box, lemuel_oklob_altar,
          uniq_menkaure
D:8:      gammafunk_temple_overflow_elements, kennysheep_doodads
D:9:      minmay_lair_entry_lava, orc_0_dummy
D:10:     hangedman_fish_farm
D:11:     serial_glass, glass_columns_a, glass_columns_a, glass_columns_a,
          glass_columns_b, due_unseen_surprise, item_on_display_a,
          feat_on_display
D:12:     serial_shops, shop_statue, kennysheep_another_room,
          kennysheep_generic_room_13
Temple:   cyrus_circular_temple
Lair:1:   serial_bayou_shore_b, lemuel_fruit_tree, uniq_grum

Skill      XL: |  1  2  3  4  5  6  7  8  9 10 11 12 |
---------------+-------------------------------------+-----
Unarmed Combat | 4 5 6 8 9 10 11 12 | 12.5
Armour         | 1 2 3 4 |  4.9
Dodging        | 2 3 4 5 6 7 |  7.4
Fighting       | 2 3 4 6 7 8 9 |  9.0
Bows           | 4 7 11 12 | 12.5
Invocations    | 3 |  3.7
Spellcasting   | |  1.5
Transmutations | |  1.7

Action                   |  1- 3 |  4- 6 |  7- 9 | 10-12 || total
-------------------------+-------+-------+-------+-------++-------
Melee: Unarmed           |   164 |   148 |   418 |  1021 ||  1751
       Kick              |    26 |    32 |   118 |   232 ||   408
       Punch             |     1 |     2 |    13 |    36 ||    52
       Headbutt          |     2 |       |       |     6 ||     8
       Dagger            |       |    15 |    47 |       ||    62
       Bite              |       |       |    24 |    80 ||   104
 Fire: Shortbow          |       |       |     7 |    63 ||    70
 Cast: Beastly Appendage |     3 |     1 |     1 |     3 ||     8
       Blade Hands       |       |       |     1 |       ||     1
Invok: Heroism           |       |       |       |    21 ||    21
Evoke: Wand              |       |       |       |     3 ||     3
  Use: Potion            |       |       |     8 |     3 ||    11
       Scroll            |       |       |     1 |    21 ||    22
  Eat: Chunk             |     4 |     5 |    18 |    35 ||    62
       Royal jelly       |       |       |     3 |     2 ||     5
Armor: Robe              |    41 |       |       |       ||    41
       Ring mail         |    18 |     3 |    46 |     6 ||    73
       Leather armour    |       |    54 |    70 |       ||   124
       Steam dragon scal |       |       |       |   300 ||   300
       Plate armour      |       |       |       |    61 ||    61
Dodge: Dodged            |    70 |    75 |   188 |   471 ||   804
Block: Other             |       |       |       |    76 ||    76
       Reflection        |       |       |       |     7 ||     7

Vault maps used:
D:1:      dpeg_arrival_brainrot, serial_glass, glass_columns_a, glass_columns_c,
          due_unseen_surprise, minmay_strange_pillars
D:2:      lemuel_crystal_altar, nicolae_overflow_crystal_walls,
          lemuel_flame_loot_1
D:3:      uniq_crazy_yiuf_cottage, uniq_sigmund, uniq_grinder
D:4:      grunt_temple_overflow_open, serial_shops, shop_coins, first_bread,
          minivault_14, uniq_robin
D:5:      uniq_blork_the_orc
D:7:      minitemple, temple_pool_b, minmay_liquid_box, lemuel_oklob_altar,
          uniq_menkaure
D:8:      gammafunk_temple_overflow_elements, kennysheep_doodads
D:9:      minmay_lair_entry_lava, orc_0_dummy
D:10:     hangedman_fish_farm
D:11:     serial_glass, glass_columns_a, glass_columns_a, glass_columns_a,
          glass_columns_b, due_unseen_surprise, item_on_display_a,
          feat_on_display
D:12:     serial_shops, shop_statue, kennysheep_another_room,
          kennysheep_generic_room_13
Temple:   cyrus_circular_temple
Lair:1:   serial_bayou_shore_b, lemuel_fruit_tree, uniq_grum
